roach +1 timing @5:30
| 12 | 0:00 | | rally to extractor trick |
| 13 | 0:08 | | |
| 14 | 0:16 | | rally to natural |
| 15 | 0:35 | | xtr trick, rally 15th drone |
| 14 | 0:38 | | trick |
| 14 | 0:40 | | xtr trick |
| 15 | 0:46 | | send to natural |
| 15 | 1:00 | | not from rally |
| 17 | 1:13 | | rally to gas to make extractor |
| 18 | 1:25 | | |
| 17 | 1:27 | | rally to natural |
| 18 | 1:37 | | rally to gas, change main rally to natural |
| 19 | 1:49 | | then add 1 main drone to gas |
| 25 | 2:00 | | rally to gas, now 3/3 |
| 26 | 2:03 | | in main, when OV finish rally main drone to gas (now 3/3) |
| 30 | 2:26 | | make in main then natural, double inject then move 2 queens to front of base to deny scouting |
| 34 | 2:35 | | |
| 36 | 2:49 | | front natural |
| 44 | 3:13 | | |
| 44 | 3:17 | | |
| 44 | 3:25 | | front natural, put queen on hold pos in wall |
| 44 | 3:29 | | in natural, drone up to 51 |
| 50 | 3:37 | | |
| 50 | 3:51 | | then saturate natural gas |
| 50 | 4:00 | | 3rd timing can change |
| 50 | 4:10 | | roach speed as soon as lair finishes (~4:10), produce only roaches until roach speed done then attack |
| 50 | 4:12 | | outside main, then scout |

when roach speed finishes stop roach production if you cant kill opponent
while moving out take 2nd gas at main, start +2 then +1
Followup Take +2 Missile and +1 Carapace Drone up to 56-58 with 5 gasses Next goal is be Maxout at 8mins with +2 and +1 finishing up then attach right away.